AoeStats
← [CRX] SMURFVENKOV

Arabia

506154268Analyzed
1v1 RM · 20d ago on Sep 12, 2026· 30m 36s· 2 players
Game mode
Random Map
Map size
Tiny (2 player)
Population
200
Speed
Normal
Resources
Standard
Victory
Conquest
Starting age
Dark Age
Ending age
Imperial Age
RankedLock teamsTeams togetherTeam positionsShared explorationLock speedFull tech treeHidden civsTurbo modeCheats
Victory
Defeat
🇲🇽 Hindustanis · Mexico
1630
+13
🇲🇽 Sicilians · Mexico
1564
-13
[CRX] SMURFVENKOV
6:04 Loom
9:18 Feudal Age
16:02 Fletching
19:38 Padded Archer Armor
19:34 Double-Bit Axe
20:02 Horse Collar
29:44 Castle Age
29:57 Scale Mail Armor
Psi doc
6:28 Loom
9:02 Feudal Age
9:38 Double-Bit Axe
15:49 Fletching
16:54 Town Watch
23:36 Castle Age
24:13 Bodkin Arrow
24:11 Crossbowman
26:49 Bow Saw
28:16 Padded Archer Armor
30:58 Leather Archer Armor
Connection lost

Rejoining the realm…

Still unreachable

The connection could not be restored.

Session expired

The server has moved on; the page needs a fresh start.